 Dungeon Crawl Stone Soup version 0.27.1-34-g3ba077fa99 (webtiles) character file.

Game seed: 6606750993010018934

497 chibimon the Digger (level 6, -5/45 (50) HPs)
             Began as a Draconian Earth Elementalist on Jan 4, 2022.
             Slain by a wight (8 damage)
             ... on level 4 of the Dungeon.
             The game lasted 00:15:48 (3158 turns).

chibimon the Digger (Draconian Earth Elementalist)  Turns: 3158, Time: 00:15:49

HP:   -5/45 (50)    AC:  6    Str: 11    XL:     6   Next: 93%
MP:   2/11          EV: 12    Int: 17    God:
Gold: 5             SH:  0    Dex: 11    Spells: 6/12 levels left

rFire    . . .     SeeInvis .   q - +4 hand axe
rCold    . . .     Faith    .   (no shield)
rNeg     . . .     Spirit   .   (armour unavailable)
rPois    .         Reflect  .   (helmet restricted)
rElec    .         Harm     .   (no cloak)
rCorr    .         Rampage  .   (no gloves)
Will     .....                  (no boots)
Stlth    ++........             l - amulet of regeneration
HPRegen  1.15/turn              (no ring)
MPRegen  0.12/turn              (no ring)

@: heavily drained
A: AC +6, unfitting armour, cold-blooded
a: no special abilities


You were on level 4 of the Dungeon.
You visited 1 branch of the dungeon, and saw 4 of its levels.

You collected 201 gold pieces.
You spent 196 gold pieces at shops.

Inventory:

Hand Weapons
 d - a +0 spear
 h - a +0 dagger of venom
 q - a +4 hand axe (weapon)
Missiles
 b - 52 stones
 f - a throwing net
 j - 6 silver javelins
Jewellery
 l - an amulet of regeneration (around neck)
Wands
 p - a wand of iceblast (12)
Scrolls
 c - 2 scrolls of amnesia
 k - a scroll of enchant armour
Potions
 a - 2 potions of attraction {unknown}
 e - a potion of ambrosia {unknown}
 g - a potion of brilliance {unknown}
 i - a potion of magic {unknown}
 m - a potion of lignification
 n - 2 potions of degeneration
 r - 2 potions of heal wounds


   Skills:
 + Level 2.4 Fighting
 + Level 2.7 Dodging
 - Level 2.0 Stealth
 * Level 3.8 Spellcasting
 * Level 2.7 Conjurations
 + Level 3.0 Transmutations
 + Level 4.0 Earth Magic


You had 6 spell levels left.
You knew the following spells:

 Your Spells              Type           Power      Damage    Failure   Level
a - Sandblast             Erth           34%        2d9       3%          1
b - Passwall              Tmut/Erth      12%        N/A       5%          2
c - Stone Arrow           Conj/Erth      28%        3d8       12%         3

Your spell library contained the following spells:

 Spells                   Type           Power      Damage    Failure   Level
 Magic Dart               Conj           48%        1d5       5%          1
 Summon Small Mammal      Summ           12%        N/A       16%         1
 Call Imp                 Summ           3%         N/A       24%         2
 Mephitic Cloud           Conj/Pois/Air  6%         N/A       32%         3
 Petrify                  Tmut/Erth      15%        N/A       36%         4
 Call Canine Familiar     Summ           3%         N/A       43%         3
 Summon Guardian Golem    Hex/Summ       3%         N/A       43%         3
 Lee's Rapid Deconstruct  Erth           8%         3d8*      63%         5


Dungeon Overview and Level Annotations

Branches:
Dungeon (4/15)
 Temple: D:4-7

Altars:
Xom

Shops:
D:3 !


Innate Abilities, Weirdness & Mutations

Your plain brown scales are hard. (AC +6)
You cannot fit into any form of body armour.
You are cold-blooded and may be slowed by cold attacks.


Message History

Aim: a wight, wielding a +3 dagger and wearing a +0 robe (79% to hit)
The blast of sand hits the wight but does no damage.
Casting: Sandblast (safe; 3% risk of failure)
Confirm with . or Enter, or press ? or * to list all spells.
Aiming: Sandblast (safe; 3% risk of failure)
Press: ? - help, Shift-Dir - straight line, f/p - wight
Aim: a wight, wielding a +3 dagger and wearing a +0 robe (79% to hit)
The blast of sand hits the wight but does no damage.
You barely miss the wight. The wight hits you but does no damage.
The wight hits you from afar with a +4 trident!
You feel drained.
You closely miss the wight. The wight hits you with a +3 dagger!
You feel drained.
The wight hits you from afar with a +4 trident!
Casting: Sandblast (safe; 3% risk of failure)
Confirm with . or Enter, or press ? or * to list all spells.
Aiming: Passwall (safe; 5% risk of failure)
Press: ? - help, Dir - move target, p - wight A rock wall.
This rock feels extremely deep.
The wight barely misses you. The wight closely misses you.
Casting: Passwall (safe; 5% risk of failure)
Confirm with . or Enter, or press ? or * to list all spells.
Aiming: Passwall (safe; 5% risk of failure)
Press: ? - help, Dir - move target A rock wall.
This rock feels extremely deep.
The wight hits you with a +3 dagger.
* * * LOW HITPOINT WARNING * * *
The wight hits you from afar with a +4 trident!
* * * LOW HITPOINT WARNING * * *
You feel drained.
* * * LOW HITPOINT WARNING * * *
Unknown command.
Casting: Passwall (safe; 5% risk of failure)
Confirm with . or Enter, or press ? or * to list all spells.
Aiming: Passwall (safe; 5% risk of failure)
Press: ? - help, Dir - move target A rock wall.
The wight hits you with a +3 dagger!
You die...

.........#
.........#
.........#
.........# #.# #)#
#z# #z# #@# #.#
########.#########
.........##......#
.........##.#.##.#
.........##.#.##.#
##.#####.#.......#
......#.#.#####.#
#####
#......#.##....#


You could see 2 wights.

Vanquished Creatures
  An ogre (D:3)
  A bullfrog (D:3)
  A scorpion (D:3)
  2 wights
  Jessica (D:2)
  Terence (D:3)
  A centaur skeleton (D:4)
  An iguana (D:3)
  5 adders
  A worm (D:3)
  A dart slug (D:4)
  8 endoplasms
  3 giant cockroaches
  7 jackals
  A quokka (D:1)
  4 ball pythons
  8 bats
  4 frilled lizards
  4 goblins
  7 kobolds
  5 rats
67 creatures vanquished.

Notes
Turn   | Place    | Note
-------+----------+-------------------------------------------
     0 | D:1      | chibimon the Draconian Earth Elementalist began the quest
                  | for the Orb.
     0 | D:1      | Reached XP level 1. HP: 14/14 MP: 3/3
   196 | D:1      | Reached XP level 2. HP: 22/22 MP: 5/5
   208 | D:1      | Learned a level 2 spell: Passwall
   847 | D:2      | Found a shimmering altar of Xom.
   913 | D:2      | Noticed Jessica
   947 | D:2      | Killed Jessica
   948 | D:2      | Reached skill level 1 in Fighting
   948 | D:2      | Reached XP level 3. HP: 15/28 MP: 2/6
  1251 | D:2      | Found a faded altar of an unknown god.
  1539 | D:2      | Reached XP level 4. HP: 35/35 MP: 5/7
  1888 | D:3      | Found Zuefar's Distillery.
  1897 | D:3      | Learned a level 3 spell: Stone Arrow
  1910 | D:3      | Bought a potion of lignification for 42 gold pieces
  1910 | D:3      | Bought a potion of degeneration for 14 gold pieces
  2007 | D:3      | Noticed an ogre
  2021 | D:3      | Killed an ogre
  2022 | D:3      | Reached skill level 1 in Conjurations
  2022 | D:3      | Reached XP level 5. HP: 26/40 MP: 0/9
  2113 | D:3      | Noticed Terence
  2127 | D:3      | Killed Terence
  2250 | D:3      | Reached XP level 6. HP: 48/48 MP: 2/11
  2998 | D:3      | Reached skill level 4 in Earth Magic
  3002 | D:3      | Bought 2 potions of heal wounds for 140 gold pieces
  3156 | D:4      | HP: 1/45 [wight (4)]
  3158 | D:4      | Slain by a wight

Illustrated notes

Levels and vault maps discovered:
D:1:      dpeg_arrival_long_road, layout_basic
D:2:      layout_basic, shapermc_ecumenical_altar_venn, basic_altar,
          uniq_jessica
D:3:      layout_basic, serial_shops, shop, chequers_serial_rivers_micro_a,
          uniq_terence
D:4:      layout_basic

Skill      XL: |  1  2  3  4  5  6 |
---------------+-------------------+-----
Stealth        | 2 |  2.0
Fighting       | 1 2 |  2.4
Dodging        | 2 |  2.7
Transmutations | 2 3 |  3.0
Spellcasting   | 3 |  3.8
Conjurations   | 1 2 |  2.7
Earth Magic    | 4 |  4.0

Action                   |  1- 3 |  4- 6 || total
-------------------------+-------+-------++-------
Melee: Dagger            |    17 |    89 ||   106
       Tailslap          |     3 |    14 ||    17
       Spear             |    48 |       ||    48
       Hand axe          |       |     3 ||     3
 Cast: Sandblast         |    20 |    27 ||    47
       Stone Arrow       |       |     3 ||     3
       Passwall          |       |     3 ||     3
  Use: Scroll            |       |     4 ||     4
 Stab: Sleeping          |     2 |     3 ||     5
Armor: Skin              |    14 |    54 ||    68
Dodge: Dodged            |    41 |    76 ||   117
